 Dungeon Crawl Stone Soup version 0.21.1-1-g345015f (webtiles) character file.

2309 Harpaggios the Spear-Bearer (level 9, 0/70 HPs)
             Began as a Merfolk Gladiator on Mar 9, 2018.
             Was a Follower of Hepliaklqana.
             Slain by an orc
             ... wielding a +0 flail
              (8 damage)
             ... on level 6 of the Dungeon.
             The game lasted 00:43:39 (6432 turns).

Harpaggios the Spear-Bearer (Merfolk Gladiator)     Turns: 6432, Time: 00:43:39

Health: 0/70       AC:  5    Str: 15    XL:     9   Next: 41%
Magic:  9/9        EV: 17    Int: 11    God:    Hepliaklqana [*.....]
Gold:   80         SH:  0    Dex: 18    Spells: 8/8 levels left

rFire    . . .     SeeInvis .   a - +1 trident
rCold    . . .     Gourm    .   (no shield)
rNeg     . . .     Faith    .   b - +0 leather armour
rPois    .         Spirit   .   c - +1 helmet
rElec    .         Reflect  .   (no cloak)
rCorr    .         Harm     .   (no gloves)
MR       .....     Clarity  +   (no boots)
Stlth    +.........             (no amulet)
HPRegen  0.21/turn              (no ring)
MPRegen  0.11/turn              (no ring)

@: no status effects
A: change form in water, swift swim, stealthy swim, reduced essence, clarity,
clever 2, sense surroundings 1
a: Recall Ancestor, Ancestor Identity, Renounce Religion


You were on level 6 of the Dungeon.
You worshipped Hepliaklqana.
Hepliaklqana was aware of your devotion.
You were hungry.

You visited 2 branches of the dungeon, and saw 8 of its levels.

You collected 288 gold pieces.
You spent 208 gold pieces at shops.

Inventory:

Hand Weapons
 a - a +1 trident (weapon)
Missiles
 d - 3 throwing nets (quivered)
Armour
 b - a +0 leather armour (worn)
 c - a +1 helmet (worn)
Jewellery
 m - an uncursed ring of ice
 p - an uncursed ring of see invisible {unknown}
Scrolls
 e - 5 scrolls of remove curse
 j - 4 scrolls of enchant weapon
 l - a scroll of identify
 n - a scroll of amnesia
Potions
 g - a potion of haste
 i - a potion of brilliance
 k - 4 potions of curing
Comestibles
 f - 12 rations


   Skills:
 - Level 10.0 Fighting
 - Level 11.0 Polearms
 - Level 2.0 Throwing
 + Level 7.0 Dodging


You had 8 spell levels left.
You didn't know any spells.

Dungeon Overview and Level Annotations

Branches:
Dungeon (7/15)             Temple (1/1) D:6

Altars:
Ashenzari
Cheibriados
Dithmenos
Fedhas
Gozag
Hepliaklqana
Kikubaaqudgha
Makhleb
Nemelex Xobeh
Okawaru
Qazlal
Ru
Sif Muna
Trog
Uskayaw
Wu Jian
Xom
Yredelemnul
Zin
The Shining One

Shops:
D:4 !}((*

Annotations:
D:4 Shop island


Innate Abilities, Weirdness & Mutations

You revert to your normal form in water.
You are very nimble and swift while swimming.
You are very stealthy in the water. (Stealth+)
Your life essence is reduced to manifest your ancestor. (-10% HP)
You possess an exceptional clarity of mind.
Your mind is very acute. (Int +4)
You passively map a small area around you.


Message History

The hog completely misses you. The hog misses you. x2
You puncture the hog!
The hog is almost dead.
The orc completely misses you. The hog bites you!
* * * LOW HITPOINT WARNING * * *
The hog bites you.
* * * LOW HITPOINT WARNING * * *
You puncture the hog!
You kill the hog!
Your Dodging skill increases to level 7!
The orc barely misses you. The hog barely misses you.
You closely miss the hog. The hog bites you.
* * * LOW HITPOINT WARNING * * *
You puncture the hog!
The hog is moderately wounded.
The orc closely misses you. The hog closely misses you.
You puncture the hog!
The hog is severely wounded.
The orc hits you with a flail!
You die...

#.#....<#.# ####.8.>.8..####.#
........#.# #.............#
#.........# #.#.8.#########
#####...### ###...## #...#
####.#.#######
#####...#########.#..##......#
..............##.#.#..##.....#
...............h###..........#
..............##@#...........#
###.......######†o#..........#
# #.#...#.# #.###...####### #
#.#...#.# #.# ##.#......# #
#.#...#.# #.# ###.####.#
#.......# #.# #......).####
#####...### #.# #.#.#..).[...
#...##.#### #.# #.#.#.#.)####
.....#....######.####.#.))#..#


You could see a hog and an orc.

Vanquished Creatures
  2 hogs (D:6)
  A water moccasin (D:5)
  Duvessa (D:6)
  A sky beast (D:5)
  A black bear (D:6)
  3 ogres
  An ice beast (D:5)
  Dowan (D:6)
  A scorpion (D:6)
  A bullfrog zombie (D:5)
  3 crimson imps
  2 hounds
  4 orc priests
  A jelly (D:5)
  A centaur skeleton (D:5)
  A gnoll shaman (D:5)
  An orc wizard (D:4)
  2 iguanas (D:4)
  5 worker ants
  A hound zombie (D:6)
  A worker ant zombie (D:6)
  A howler monkey zombie (D:5)
  5 gnolls
  4 adders
  2 shadow imps
  3 oozes
  An adder zombie (D:5)
  3 dart slugs
  3 leopard geckos
  13 orcs
  6 giant cockroaches
  3 goblins
  5 hobgoblins
  2 quokkas
  2 ball pythons
  7 bats
  12 frilled lizards
  A jackal zombie (D:6)
  10 kobolds
  6 rats
124 creatures vanquished.

Vanquished Creatures (collateral kills)
  The ghost of Ratty the Purveyor of Pain, a novice DENe of Kikubaaqudgha (D:5)
  A centaur (D:5)
  A howler monkey zombie (D:6)
  2 gnolls (D:5)
  9 orcs
  A jackal skeleton (D:5)
15 creatures vanquished.

Vanquished Creatures (others)
  2 ancestors (D:6)
2 creatures vanquished.

Grand Total: 141 creatures vanquished

Notes
Turn   | Place    | Note
-------+----------+-------------------------------------------
     0 | D:1      | Harpaggios the Merfolk Gladiator began the quest for the Orb.
     0 | D:1      | Reached XP level 1. HP: 16/16 MP: 1/1
   158 | D:1      | Reached skill level 5 in Polearms
   172 | D:1      | Reached XP level 2. HP: 22/22 MP: 2/2
   300 | D:1      | Reached skill level 6 in Polearms
   300 | D:1      | Reached XP level 3. HP: 27/27 MP: 3/3
   940 | D:2      | Found a blossoming altar of Fedhas.
   961 | D:2      | Reached skill level 7 in Polearms
   961 | D:2      | Reached XP level 4. HP: 29/33 MP: 4/4
  1432 | D:3      | Found a faded altar of an unknown god.
  1537 | D:3      | Reached skill level 8 in Polearms
  1537 | D:3      | Reached XP level 5. HP: 28/38 MP: 5/5
  2535 | D:4      | Found Zong's Distillery.
  2543 | D:4      | Bought a potion of mutation for 104 gold pieces
  2543 | D:4      | Gained mutation: Your mind is acute. (Int +2) [potion of mutation]
  2543 | D:4      | Gained mutation: You are partially covered in iridescent scales. (AC +2) [potion of mutation]
  2543 | D:4      | Gained mutation: You are occasionally teleported next to monsters. [potion of mutation]
  2543 | D:4      | Gained mutation: Your mind is very acute. (Int +4) [potion of mutation]
  2616 | D:4      | Reached skill level 9 in Polearms
  2744 | D:4      | Noticed an ogre
  2751 | D:4      | Killed an ogre
  2751 | D:4      | Reached XP level 6. HP: 43/44 MP: 6/6
  2756 | D:4      | Reached skill level 10 in Polearms
  2884 | D:4      | Reached XP level 7. HP: 46/50 MP: 7/7
  2955 | D:4      | Found Ukaoch's Antique Weapon Emporium.
  3035 | D:4      | You fall through a shaft for 2 floors!
  3043 | D:6      | Found a staircase to the Ecumenical Temple.
  3058 | Temple   | Entered the Ecumenical Temple
  3218 | Temple   | Became a worshipper of Hepliaklqana the Forgotten
  3269 | D:6      | Reached skill level 11 in Polearms
  3301 | D:5      | Entered Level 5 of the Dungeon
  3341 | D:4      | Found Zegutz's Gadget Shoppe.
  3388 | D:4      | Found Udiubb Xial's Weapon Shop.
  3490 | D:4      | Found Ahofevuwk's Assorted Antiques.
  4089 | D:5      | Noticed Ratty's ghost (novice DENe)
  4125 | D:5      | Killed Ratty's ghost
  4125 | D:5      | Reached XP level 8. HP: 50/57 MP: 8/8
  4221 | D:5      | Found a stormy altar of Qazlal.
  4685 | D:4      | Bought a potion of mutation for 104 gold pieces
  4685 | D:4      | Lost mutation: You are partially covered in iridescent scales. (AC +2) [potion of mutation]
  4685 | D:4      | Lost mutation: You are occasionally teleported next to monsters. [potion of mutation]
  4685 | D:4      | Gained mutation: You passively map a small area around you. [potion of mutation]
  4685 | D:4      | Gained mutation: You possess an exceptional clarity of mind. [potion of mutation]
  4753 | D:5      | Reached * piety under Hepliaklqana
  5140 | D:6      | Noticed Dowan
  5141 | D:6      | Noticed Duvessa
  5197 | D:6      | Killed Duvessa
  5200 | D:6      | Reached XP level 9. HP: 31/69 MP: 9/9
  5408 | D:6      | Killed Dowan
  5541 | D:6      | Reached skill level 10 in Fighting
  5831 | D:6      | Found an iron altar of Okawaru.
  5832 | D:6      | Found a shimmering altar of Xom.
  5902 | D:6      | Reached skill level 5 in Dodging
  6432 | D:6      | Slain by an orc

Skill      XL: |  1  2  3  4  5  6  7  8  9 |
---------------+----------------------------+-----
Polearms       | 5 6 7 8 9 10 11 | 11.0
Fighting       | 6 9 10 | 10.0
Dodging        | 7 |  7.0
Throwing       | |  2.0

Action                   |  1- 3 |  4- 6 |  7- 9 || total
-------------------------+-------+-------+-------++-------
Melee: Trident           |   125 |   131 |   327 ||   583
       Tailslap          |       |       |     2 ||     2
Throw: Throwing net      |       |     2 |       ||     2
Invok: Recall Ancestor   |       |       |     2 ||     2
  Use: Scroll            |     2 |     6 |     3 ||    11
       Potion            |     3 |     3 |     6 ||    12
 Stab: Sleeping          |     1 |     1 |     1 ||     3
       Held in net/web   |       |     2 |       ||     2
       Distracted        |       |       |     3 ||     3
  Eat: Chunk             |       |     6 |    11 ||    17
Armor: Leather armour    |    24 |    15 |    46 ||    85
Dodge: Dodged            |    80 |    71 |   152 ||   303
